Map: Orbital Shipyard

Players

ArT

  • Race: Protoss Protoss
  • League: Grandmaster

Miszu - Winner!

  • Race: Terran Terran
  • League: Grandmaster

VOD

Have the link to the VOD?

Description

Time

  • Played on: Feb. 21, 2016, 1:04 p.m.
  • Length: 3:33
Show
View Real Time Build Order
Export as new Build Order

ArT Protoss 

Build Orders:  

Get SALT Encoding   

  12  0:01  Probe (Chrono Boost)  
  13  0:11  Probe (Chrono Boost)  
  14  0:18  Pylon  
  14  0:22  Probe (Chrono Boost)  
  15  0:36  Gateway, Probe (Chrono Boost)  
  15  0:42  Assimilator  
  16  0:47  Probe (Chrono Boost)  
  17  0:57  Probe (Chrono Boost)  
  18  1:08  Probe (Chrono Boost)  
  19  1:24  Assimilator  
  19  1:25  Zealot (Chrono Boost)  
  21  1:26  Cybernetics Core  
  21  1:27  Gateway  
  21  1:33  Pylon  
  21  1:37  Probe  
  22  1:49  Probe  
  23  2:04  Stalker (Chrono Boost)  
  23  2:05  Mothership Core  
  26  2:13  Pylon  
  26  2:21  Stalker (Chrono Boost)  
  28  2:30  Pylon  
  22  2:44  Pylon  
  20  3:22  Gateway  
Show
View Real Time Build Order
Export as new Build Order

Miszu Terran - Winner!

Build Orders:  

Get SALT Encoding   

  12  0:00  SCV  
  13  0:13  SCV  
  14  0:20  Supply Depot  
  14  0:25  SCV  
  15  0:42  Barracks  
  15  0:52  Barracks  
  15  1:05  Barracks  
  15  1:28  Marine  
  15  1:30  Barracks  
  16  1:39  Supply Depot, Marine  
  17  1:46  Marine  
  18  1:52  Marine  
  19  1:57  Marine  
  20  2:04  Marine  
  21  2:10  Marine  
  21  2:15  Marine  
  23  2:20  Marine  
  23  2:22  Marine  
  25  2:28  Marine  
  26  2:32  Marine  
  26  2:37  Marine  
  26  2:39  Marine  
  27  2:46  Supply Depot, Marine  
  27  2:50  Marine  
  29  2:55  Marine  
  29  2:57  Marine  
  31  3:03  Marine  
  31  3:08  Marine  
  32  3:13  Marine  
  32  3:15  Marine  
Tags
 
Add a new tag
Caveats
  • Supply blocks, unpowered buildings, or Contaminate may cause inaccurate times.
  • Supply counts are checked every 10 seconds.